 Dungeon Crawl Stone Soup version 0.22.0-18-ge075c0d (webtiles) character file.

26 Faca the Cutter (level 3, -1/26 HPs)
             Began as a Halfling Abyssal Knight on Aug 18, 2018.
             Was a Follower of Lugonu.
             Slain by an orc wizard
             ... wielding a +0 dagger
              (3 damage)
             ... on level 2 of the Dungeon.
             The game lasted 00:02:28 (1685 turns).

Faca the Cutter (Halfling Abyssal Knight)           Turns: 1685, Time: 00:02:29

Health: -1/26      AC:  3    Str: 13    XL:     3   Next: 22%
Magic:  13/13      EV: 13    Int: 10    God:    Lugonu [*.....]
Gold:   86         SH:  0    Dex: 14    Spells: 2/2 levels left

rFire    . . .     SeeInvis .   a - +1 short sword
rCold    . . .     Gourm    .   (shield restricted)
rNeg     . . .     Faith    .   b - +0 leather armour
rPois    .         Spirit   .   (no helmet)
rElec    .         Reflect  .   (no cloak)
rCorr    .         Harm     .   l - -1 pair of gloves (curse)
MR       .....                  (no boots)
Stlth    +.........             (no amulet)
HPRegen  0.08/turn              g - ring of magical power
MPRegen  0.13/turn              (no ring)

@: no status effects
A: small, mutation resistance 1
a: Depart the Abyss, Renounce Religion


You were on level 2 of the Dungeon.
You worshipped Lugonu.
Lugonu was aware of your devotion.
You were not hungry.

You visited 1 branch of the dungeon, and saw 2 of its levels.
You visited the Abyss 1 time.

You collected 86 gold pieces.

Inventory:

Hand Weapons
 a - a +1 short sword (weapon)
Armour
 b - a +0 leather armour (worn)
 l - a cursed -1 pair of gloves (worn)
Jewellery
 g - a ring of magical power (left hand)
 k - an uncursed amulet of rage {unknown}
Scrolls
 e - 3 scrolls of identify {unknown}
 h - a scroll of enchant weapon {unknown}
 i - a scroll of noise {unknown}
 j - a scroll of amnesia {unknown}
 m - a scroll of immolation {unknown}
Potions
 d - a potion of lignification {unknown}
 f - a potion of ambrosia {unknown}
Comestibles
 c - 3 rations


   Skills:
 + Level 3.2 Fighting
 + Level 3.4 Short Blades
 - Level 2.1 Armour
 - Level 1.1 Dodging
 - Level 2.0 Invocations


You had 2 spell levels left.
You didn't know any spells.
Your spell library was empty.

Dungeon Overview and Level Annotations

Branches:
Dungeon (2/15)

Altars:


Innate Abilities, Weirdness & Mutations

You are small and have problems with some larger weapons.
You are somewhat resistant to further mutation.


Message History

The orc wizard is moderately wounded.
The orc wizard points at you and mumbles some strange words.
The magic dart hits you!
* * * LOW HITPOINT WARNING * * *
You hit the orc wizard.
The orc wizard is heavily wounded.
The orc wizard hits you with a dagger.
* * * LOW HITPOINT WARNING * * *
You hit the orc wizard but do no damage.
The orc wizard is heavily wounded.
The orc wizard barely misses you.
The orc wizard hits you but does no damage.
You barely miss the orc wizard.
The orc wizard is heavily wounded.
The orc wizard hits you with a dagger.
* * * LOW HITPOINT WARNING * * *
You hit the orc wizard.
The orc wizard is severely wounded.
The orc wizard hits you with a dagger.
You die...

#....# ##...###
####.###### #.....##
#.........# ##...###
#.#####.#.# ##.## #
#.# .# #.# # #.# .#
#.# # #.# .# ##+## #
#.#####.#.# ##...###
#...@oo..[# ##.....##
######o######.......#
...# #.........
...... +........<
##...####.........
..... ##.......#
##.##. ##...|.## ...
. ##...... ##.....


You could see an orc wizard and 2 orcs.

Vanquished Creatures
  An ooze (D:1)
  A dart slug (D:1)
  A leopard gecko (D:2)
  An orc (D:2)
  2 bats (D:1)
  A giant cockroach (D:2)
  2 goblins (D:1)
  2 hobgoblins (D:1)
  2 frilled lizards (D:1)
  3 kobolds
  A rat (D:1)
17 creatures vanquished.

Notes
Turn   | Place    | Note
-------+----------+-------------------------------------------
     0 | Abyss:1  | Faca the Halfling Abyssal Knight began the quest for the Orb.
     0 | Abyss:1  | Reached XP level 1. HP: 15/15 MP: 2/2
    37 | D:1      | Escaped the Abyss
   330 | D:1      | Reached XP level 2. HP: 7/20 MP: 3/3
  1427 | D:2      | Reached XP level 3. HP: 25/26 MP: 4/4
  1685 | D:2      | Slain by an orc wizard

Skill      XL: |  1  2 |
---------------+-------+-----
Fighting       | 3 |  3.2
Short Blades   | 3 |  3.4
Armour         | |  2.1
Dodging        | |  1.1
Invocations    | |  2.0

Action                   || total
-------------------------++-------
Melee: Short sword       ||    88
  Eat: Ration            ||     1
Armor: Leather armour    ||    19
Dodge: Dodged            ||    45
